 Dungeon Crawl Stone Soup version 0.19.3-4-gbf9329e (console) character file.

46 Grinner the Cudgeler (level 3, -1/41 HPs)
             Began as an Ogre Monk on Jan 30, 2017.
             Succumbed to a worker ant's poison
             ... on level 4 of the Dungeon.
             The game lasted 00:02:25 (1223 turns).

Grinner the Cudgeler (Ogre Monk)                    Turns: 1223, Time: 00:02:26

Health: -1/41      AC:  3    Str: 16    XL:     3   Next: 66%
Magic:  3/3        EV: 10    Int:  9    God:
Gold:   13         SH:  0    Dex: 13    Spells: 0 memorised, 2 levels left

rFire  . . .     SeeInvis .     a - +0 mace
rCold  . . .     Gourm    .     b - +0 robe
rNeg   . . .     Faith    .     (no shield)
rPois  .         Spirit   .     (helmet restricted)
rElec  .         Reflect  .     (no cloak)
rCorr  .         Harm     .     (gloves unavailable)
MR     .....                    (boots unavailable)
Stlth  ++........               (no amulet)
                                (no ring)
                                (no ring)

@: lethally poisoned (-1 -> -18)
A: unfitting armour, hooves 1, tough skin 1
a: no special abilities


You were on level 4 of the Dungeon.
You were not hungry.

You visited 1 branch of the dungeon, and saw 4 of its levels.

You collected 13 gold pieces.

Inventory:

Hand Weapons
 a - a +0 mace (weapon)
Armour
 b - a +0 robe (worn)
Scrolls
 d - a scroll of recharging {unknown}
 f - a scroll of identify
 g - a scroll of magic mapping {unknown}
 h - a scroll of fear {unknown}
 j - 2 scrolls of enchant armour
Potions
 e - a potion of magic
Comestibles
 c - 2 bread rations


   Skills:
 + Level 4.8 Fighting
 * Level 5.3 Maces & Flails
 - Level 2.6 Dodging
 - Level 1.4 Stealth


You had 2 spell levels left.
You didn't know any spells.

Dungeon Overview and Level Annotations

Branches:
Dungeon (4/15)
 Temple: D:4-7

Altars:

Annotations:
D:3 Grinner's ghost, amateur OgMo


Innate Abilities, Weirdness & Mutations

You are too large for most types of armour.
You have tough skin. (AC +1)
You have large cloven feet.


Message History

You closely miss the worker ant.
You kick the worker ant, but do no damage.
The worker ant is moderately wounded.
* * * LOW HITPOINT WARNING * * *
You feel sick. The worker ant barely misses you.
You hit the worker ant but do no damage.
You kick the worker ant, but do no damage.
The worker ant is moderately wounded.
* * * LOW HITPOINT WARNING * * *
You feel sick. The worker ant misses you. The worker ant bites you.
* * * LOW HITPOINT WARNING * * *
You closely miss the worker ant.
You kick the worker ant, but do no damage.
The worker ant is moderately wounded.
* * * LOW HITPOINT WARNING * * *
You feel sick. The worker ant misses you.
You barely miss the worker ant.
You kick the worker ant, but do no damage.
The worker ant is moderately wounded.
You die...

### ....
.....
#####......
#@a........
#####......
..... ....
.o. .. .


You could see a worker ant.

Vanquished Creatures
  A gnoll (D:2)
  An ooze (D:2)
  A dart slug (D:2)
  A leopard gecko (D:1)
  5 bats
  2 giant cockroaches
  4 goblins
  2 hobgoblins
  2 jackals (D:1)
  A ball python (D:1)
  A frilled lizard (D:1)
  2 kobolds (D:1)
  6 rats
29 creatures vanquished.

Vanquished Creatures (others)
  A kobold (D:1)
1 creature vanquished.

Grand Total: 30 creatures vanquished

Notes
Turn   | Place    | Note
-------+----------+-------------------------------------------
     0 | D:1      | Grinner the Ogre Monk began the quest for the Orb.
     0 | D:1      | Reached XP level 1. HP: 24/24 MP: 1/1
   123 | D:1      | Reached XP level 2. HP: 30/32 MP: 2/2
   503 | D:1      | You fall through a shaft!
   514 | D:2      | Reached skill level 5 in Maces & Flails
   514 | D:2      | Reached XP level 3. HP: 23/40 MP: 3/3
   579 | D:2      | Gained mutation: You are dopey. (Int -2) [potion of mutation]
   579 | D:2      | Lost mutation: You are dopey. (Int -2) [potion of mutation]
   579 | D:2      | Gained mutation: You have large cloven feet. [potion of mutation]
   579 | D:2      | HP: 1/40 [gnoll/spear (7)]
   980 | D:3      | Noticed Grinner's ghost (amateur OgMo)
  1221 | D:4      | HP: 2/41 [worker ant (2)]
  1223 | D:4      | Succumbed to a worker ant's poison

Skill      XL: |  1  2 |
---------------+-------+-----
Maces & Flails | 5 |  5.3
Fighting       | |  4.8
Dodging        | |  2.6
Stealth        | |  1.4

Action                   || total
-------------------------++-------
Melee: Mace              ||   108
       Kick              ||    11
  Use: Potion            ||     2
       Scroll            ||     1
  Eat: Beef jerky        ||     1
Armor: Robe              ||    36
Dodge: Dodged            ||    65
